 Dungeon Crawl Stone Soup version 0.20-a0-1101-g1de9d76 (webtiles) character file.

13805 mcbry the Brawler (level 11, -5/100 HPs)
             Began as a Troll Berserker on May 4, 2017.
             Was an Elder of Trog.
             Slain by a rust devil (10 damage)
             ... summoned by an orc high priest
             ... on level 2 of the Orcish Mines on May 5, 2017.
             The game lasted 01:27:03 (9926 turns).

mcbry the Brawler (Troll Berserker)                 Turns: 9926, Time: 01:27:04

Health: -5/100     AC: -3    Str: 30      XL:     11   Next: 80%
Magic:  10/10      EV: 12    Int:  1 (3)  God:    Trog [****..]
Gold:   558        SH:  5    Dex:  9      Spells: 10/10 levels left

rFire    + . .     SeeInvis .     - Unarmed
rCold    . . .     Gourm    +   (no shield)
rNeg     + . .     Faith    .   n - +2 robe {rF+}
rPois    .         Spirit   .   A - +2 hat
rElec    .         Reflect  +   (no cloak)
rCorr    .         Harm     .   (gloves unavailable)
MR       .....                  (boots unavailable)
Stlth    +++.......             u - +5 amulet of reflection
Regen    0.7/turn               i - ring of positive energy
MPRegen  0.2/turn               e - ring of stealth

@: corroded, slowed, lost intelligence, very slow
A: unfitting armour, claws 3, fast metabolism 3, gourmand, regeneration 1,
shaggy fur 1, tough skin 2
a: Berserk, Trog's Hand, Brothers in Arms, Burn Spellbooks, Renounce Religion


You were on level 2 of the Orcish Mines.
You worshipped Trog.
Trog was greatly pleased with you.
You were not hungry.

You visited 2 branches of the dungeon, and saw 12 of its levels.
You also visited: Sewer.

You collected 766 gold pieces.
You spent 208 gold pieces at shops.

Inventory:

Armour
 a - a +2 animal skin
 h - a +2 robe of magic resistance
 n - a +2 robe of fire resistance (worn)
 A - a +2 hat (worn)
Jewellery
 c - an uncursed ring of protection from fire
 e - a ring of stealth (right claw)
 i - a ring of positive energy (left claw)
 o - an uncursed amulet of guardian spirit
 p - an uncursed ring of ice {unknown}
 r - an uncursed ring of fire
 u - a +5 amulet of reflection (around neck)
 v - an uncursed ring of poison resistance {unknown}
 y - a cursed +6 ring of strength {unknown}
 H - an uncursed ring of poison resistance {unknown}
Wands
 q - a wand of confusion (29/48)
 s - a wand of paralysis (21/24)
 C - a wand of digging (17/24)
 F - a wand of flame (34/48)
Scrolls
 g - 5 scrolls of teleportation
 k - 6 scrolls of remove curse
 w - 4 scrolls of identify
 z - a scroll of enchant weapon
 E - 3 scrolls of fog
 G - a scroll of summoning {unknown}
Potions
 l - 3 potions of heal wounds
 m - 3 potions of haste
 t - 6 potions of curing
 x - a potion of might
 B - 4 potions of mutation {unknown}
 D - a potion of ambrosia {unknown}
 J - a potion of agility
Comestibles
 b - 6 bread rations
 d - 6 royal jellies
 f - 33 fruits
 j - 3 meat rations


   Skills:
 + Level 4.0 Fighting
 + Level 6.0 Dodging
 + Level 3.4 Stealth
 * Level 16.0 Unarmed Combat


You had 10 spell levels left.
You didn't know any spells.

Dungeon Overview and Level Annotations

Branches:
Dungeon (10/15)            Temple (0/1) D:4            Lair (0/6) D:8
    Orc (2/2) D:10
    Elf: Orc:2

Altars:
Ashenzari
Fedhas
Kikubaaqudgha
Qazlal
Trog
Vehumet
The Shining One

Shops:
D:6 [


Innate Abilities, Weirdness & Mutations

You are too large for most types of armour.
You have claws for hands.
Your metabolism is lightning-fast.
You like to eat raw meat.
Your natural rate of healing is unusually fast.
You are covered in fur. (AC +1)
You have very tough skin. (AC +2)


Message History

The neqoxec hits you!
You closely miss the orc high priest.
The orc high priest is lightly wounded.
Your skin stops crawling.
You feel less resistant to hostile enchantments.
You block the rust devil's attack.
The orc high priest utters an invocation to Beogh.
The neqoxec hits you.
* * * LOW HITPOINT WARNING * * *
The rust devil closely misses you.
You scratch the orc high priest but do no damage.
The orc high priest calls down the wrath of Beogh upon you.
You struggle to resist.
The neqoxec hits you!
* * * LOW HITPOINT WARNING * * *
The rust devil hits you!
* * * LOW HITPOINT WARNING * * *
The rust devil corrodes you!
You barely miss the orc high priest. You block the orc high priest's attack.
You block the neqoxec's attack. The rust devil hits you!
You die...

#....#(............ #.......
##...())...รท....... #.......
.....#)......(..... #.......
.....#####################)).....
..#.## #.####..................
...## ##..##...................
....## ##..................).....
.....###.#.......3..............#
#.#..<#..^......@o4.............#
####.#..)..#.....4.............##
#....(....[(................#..
##.#......)[...................
###...........................
##.##...#..................#
##.#....#..................
#........#.............#..
##.##.#.###.#...........


You could see an orc high priest, a rust devil, a neqoxec and a chaos spawn.

Vanquished Creatures
  5 two-headed ogres
  An orc high priest (Orc:1)
  2 orc sorcerers (Orc:2)
  Joseph (D:8)
  A gargoyle (D:10)
  4 trolls
  A hippogriff (D:8)
  Sigmund (D:2)
  Grum (D:8)
  A soldier ant (D:6)
  Duvessa (D:4)
  3 porcupines
  2 ice beasts
  15 orc warriors
  2 sky beasts
  10 ogres
  An eye of draining (D:10)
  A phantom (D:4)
  2 wolves (D:8)
  5 centaurs
  5 big kobolds
  8 bullfrogs
  Dowan (D:4)
  4 scorpions
  12 wights
  5 howler monkeys
  3 electric eels (D:6)
  2 crimson imps
  8 orc priests
  A bullfrog skeleton (D:8)
  A hound (D:9)
  A jelly (D:9)
  8 orc wizards
  3 centaur skeletons
  Terence (D:3)
  2 iguanas
  8 worker ants
  A hound skeleton (D:4)
  4 worker ant zombies
  16 adders
  3 gnolls (D:10)
  A river rat (D:5)
  2 shadow imps
  3 oozes
  3 adder skeletons
  A worm (D:3)
  A dart slug (D:3)
  4 leopard geckos
  74 orcs
  12 giant cockroaches
  9 goblins
  11 hobgoblins
  16 jackals
  2 quokkas
  2 ball pythons
  16 bats
  4 frilled lizards
  18 kobolds
  A leopard gecko zombie (D:5)
  18 rats
  4 fungi
359 creatures vanquished.

Vanquished Creatures (collateral kills)
  An orc warrior (D:8)
  A quasit (D:8)
  A hound (D:8)
  An orc (D:8)
4 creatures vanquished.

Grand Total: 363 creatures vanquished

Notes
Turn   | Place    | Note
-------+----------+-------------------------------------------
     0 | D:1      | mcbry the Troll Berserker began the quest for the Orb.
     0 | D:1      | Reached XP level 1. HP: 22/22 MP: 0/0
    51 | D:1      | Reached XP level 2. HP: 29/29 MP: 1/1
   194 | D:1      | Reached ** piety under Trog
   341 | D:1      | Reached XP level 3. HP: 36/36 MP: 2/2
   536 | D:2      | Reached skill level 4 in Unarmed Combat
   726 | D:2      | Reached XP level 4. HP: 44/44 MP: 3/3
   784 | D:2      | Found an ancient bone altar of Kikubaaqudgha.
   812 | D:2      | Noticed Sigmund
   839 | D:2      | Killed Sigmund
   839 | D:2      | Reached skill level 5 in Unarmed Combat
   839 | D:2      | Reached XP level 5. HP: 50/50 MP: 4/4
   970 | D:2      | Reached skill level 6 in Unarmed Combat
  1117 | D:3      | Reached *** piety under Trog
  1117 | D:3      | Reached XP level 6. HP: 59/59 MP: 5/5
  1396 | D:3      | Noticed Terence
  1406 | D:3      | Killed Terence
  1550 | D:3      | Found a glowing golden altar of the Shining One.
  1627 | D:3      | Found a faded altar of an unknown god.
  1777 | D:4      | Reached skill level 7 in Unarmed Combat
  2005 | D:4      | Reached XP level 7. HP: 66/66 MP: 6/6
  2106 | D:4      | Reached **** piety under Trog
  2221 | D:4      | Noticed Duvessa
  2231 | D:4      | Noticed Dowan
  2233 | D:4      | Killed Dowan
  2244 | D:4      | Killed Duvessa
  2244 | D:4      | Reached skill level 8 in Unarmed Combat
  2246 | D:4      | Reached skill level 1 in Stealth
  2306 | D:4      | Found a staircase to the Ecumenical Temple.
  2616 | D:4      | Found a shattered altar of Ashenzari.
  2765 | D:5      | Entered Level 5 of the Dungeon
  2818 | D:5      | Found a blossoming altar of Fedhas.
  2839 | D:5      | Reached XP level 8. HP: 71/75 MP: 7/7
  2912 | D:5      | Found a glowing drain.
  2949 | D:5      | Reached skill level 9 in Unarmed Combat
  2972 | Sewer    | Entered a sewer
  3547 | D:6      | Found Tiranam's Armour Shoppe.
  3556 | D:6      | Bought a +2 hat for 208 gold pieces
  3584 | D:6      | Reached skill level 10 in Unarmed Combat
  3629 | D:6      | Reached ***** piety under Trog
  3781 | D:6      | Reached XP level 9. HP: 81/81 MP: 8/8
  4157 | D:6      | Reached skill level 11 in Unarmed Combat
  4355 | D:6      | Found a radiant altar of Vehumet.
  5521 | D:8      | Reached skill level 12 in Unarmed Combat
  5757 | D:8      | Noticed Grum
  5772 | D:8      | Killed Grum
  5869 | D:8      | Noticed Joseph
  5875 | D:8      | Killed Joseph
  5875 | D:8      | Reached XP level 10. HP: 91/91 MP: 9/9
  6308 | D:8      | Found a stormy altar of Qazlal.
  6615 | D:8      | Found a staircase to the Lair.
  6683 | D:8      | Reached skill level 13 in Unarmed Combat
  6962 | D:9      | Noticed a two-headed ogre
  6968 | D:9      | Killed a two-headed ogre
  6968 | D:9      | Reached skill level 5 in Dodging
  7201 | D:9      | Found a bloodstained altar of Trog.
  7339 | D:9      | Noticed a two-headed ogre
  7347 | D:9      | Killed a two-headed ogre
  7347 | D:9      | Reached skill level 14 in Unarmed Combat
  7644 | D:10     | Entered Level 10 of the Dungeon
  7738 | D:10     | Noticed a two-headed ogre
  7746 | D:10     | Killed a two-headed ogre
  7763 | D:10     | Noticed a two-headed ogre
  7771 | D:10     | Killed a two-headed ogre
  7771 | D:10     | Reached XP level 11. HP: 78/98 MP: 10/10
  8202 | D:10     | Found a staircase to the Orcish Mines.
  8597 | D:10     | Reached skill level 15 in Unarmed Combat
  8606 | D:10     | Noticed a two-headed ogre
  8647 | D:10     | Killed a two-headed ogre
  8707 | Orc:1    | Entered Level 1 of the Orcish Mines
  8707 | Orc:1    | Noticed an orc high priest
  8838 | Orc:1    | Killed an orc high priest
  9030 | Orc:2    | Entered Level 2 of the Orcish Mines
  9361 | Orc:2    | Noticed an orc sorcerer
  9579 | Orc:2    | Noticed an orc sorcerer
  9585 | Orc:2    | Killed an orc sorcerer
  9704 | Orc:2    | Noticed an orc high priest
  9704 | Orc:2    | Noticed an orc high priest
  9711 | Orc:2    | Noticed an orc high priest
  9847 | Orc:2    | Killed an orc sorcerer
  9847 | Orc:2    | Reached skill level 16 in Unarmed Combat
  9901 | Orc:2    | Noticed a sixfirhy
  9920 | Orc:2    | Lost intelligence.
  9920 | Orc:2    | Gained mutation: You are dopey. (Int -2) [a neqoxec]
  9921 | Orc:2    | Lost mutation: You are dopey. (Int -2) [a neqoxec]
  9925 | Orc:2    | HP: 4/100 [rust devil[an orc high priest] (11)]
  9926 | Orc:2    | Slain by a rust devil

Vault maps used:
D:1:      sevenhm_arrival_forest_fort_small_4, minivault_19, hex_tiny
D:2:      lemuel_crystal_altar, uniq_sigmund
D:3:      nicolae_overflow_crystal_walls, chequers_ecumenical_altar_island,
          first_bread, uniq_terence
D:4:      minmay_temple_entry_grid, cheibrodos_ashenzari_chains, uniq_duvessa
D:5:      overflow_temple_1_default, portal_sewer_entry_c, st_stairs_4
D:6:      marbit_many_paths, serial_shops, nicolae_shop_stone, serial_bayou,
          serial_bayou_pond_c, serial_bayou_ford_a, serial_bayou_pond_a,
          serial_bayou_shore_b
D:8:      nicolae_qazlal_style_of_elements, grunt_lair_entry_orc_guard_hut,
          blue_anna_alchemist, uniq_grum, uniq_joseph
D:9:      lemuel_doored_altar
D:10:     kennysheep_orc_monster_closet_entryway, corner_web_ring
Orc:1:    serial_shops, basic_altar
Orc:2:    st_orc_mages, minmay_orc_barracks
Sewer:    kennysheep_pipe_town

Skill      XL: |  1  2  3  4  5  6  7  8  9 10 11 |
---------------+----------------------------------+-----
Unarmed Combat | 4 5 6 7 8 10 12 14 16 | 16.0
Dodging        | 3 4 5 6 |  6.0
Fighting       | 3 4 |  4.0
Stealth        | 1 2 3 |  3.4

Action                   |  1- 3 |  4- 6 |  7- 9 | 10-12 || total
-------------------------+-------+-------+-------+-------++-------
Melee: Unarmed           |    89 |   135 |   335 |   309 ||   868
       Punch             |     3 |       |    13 |    25 ||    41
Invok: Berserk           |     2 |     3 |     7 |     9 ||    21
       Trog's Hand       |       |       |     6 |    12 ||    18
       Burn Spellbooks   |       |       |     1 |     2 ||     3
       Brothers in Arms  |       |       |     1 |     2 ||     3
  Use: Scroll            |     4 |     5 |    10 |     5 ||    24
       Potion            |       |     1 |     9 |     4 ||    14
 Stab: Sleeping          |       |     5 |    16 |     6 ||    27
  Eat: Chunk             |    13 |    16 |    39 |    45 ||   113
       Fruit             |       |       |     2 |       ||     2
       Meat ration       |       |       |       |     1 ||     1
Armor: Animal skin       |    30 |       |    45 |       ||    75
       Robe              |    11 |    36 |    27 |    61 ||   135
Dodge: Dodged            |    69 |    63 |   105 |   148 ||   385
Block: Other             |       |       |    44 |    52 ||    96
       Reflection        |       |       |     3 |     2 ||     5
